chuzzly, neutral female scurrid Tourist . I chuzzly the Rambler Experience level: 1 Strength: 15 Dexterity: 10 Constitution: 14 Intelligence: 13 Wisdom: 8 Charisma: 15 Health: 0(9) Energy: 2(2) Def: 0 Gold: 625 Moves: 28 Dungeon seed: Rqe0bY2S5Xa_PNUN Game ID: chuzzly_1498614885 Your Inventory: Coins $ - 625 gold pieces Weapons a - 37 uncursed +2 darts (in quiver) Armor e - an uncursed +0 Hawaiian shirt (being worn) Comestibles b - an uncursed tin of newt meat c - an uncursed tin of goblin meat d - 3 uncursed food rations f - an uncursed fortune cookie g - an uncursed cram ration h - an uncursed tripe ration i - an uncursed banana j - an uncursed pancake Scrolls l - 3 uncursed scrolls of magic mapping m - a blessed scroll of magic mapping Potions k - 2 uncursed potions of extra healing Wands p - an uncursed wand of secret door detection (0:13) r - an uncursed wand of create monster (0:13) Tools n - an uncursed expensive camera (0:56) o - an uncursed credit card q - an uncursed leash Spells and supernatural/magical abilities: Name Level Category Fail Memory W - pray for help -- divine ? -- Your skills at the end: Miscellaneous Skills wands [Basic] Weapon Skills dart [Basic] Spellcasting Skills Final Attributes: You were devoutly aligned. You were blinded. You had infravision. You were very stealthy. You are dead. Vanquished creatures: a yellow light Voluntary challenges: You went without food. You did not adorn yourself with jewelry or accessories. You did not cause conflict. You were not invisible. You did not have reflection. You were not displaced. You were an atheist. You never hit with a wielded weapon. You were a pacifist. You did not use tools. You did not use plumbed fixtures. You did not drink any magical draughts. You were illiterate. You never genocided any monsters. You never polymorphed an object. You never changed form. You used no wishes. You never split a pudding. You never wrote Elbereth's name. You never violated your personal moral code. Dungeon overview: The Dungeons of Doom: levels 1 to 12 Level 1 a long staircase Level 2 Level 3 Level 4 a fountain Level 5 Level 6 Level 7 Level 8 Level 9 an altar to The Lady a long staircase Level 10 Level 11 Level 12 <- You were here History has recorded: On T:1 you entered the Dungeons of Doom to retrieve the Amulet of Yendor! On T:4 you reached level 2 of The Dungeons of Doom. On T:7 you reached level 3 of The Dungeons of Doom. On T:9 you reached level 4 of The Dungeons of Doom. On T:11 you reached level 5 of The Dungeons of Doom. On T:13 you reached level 6 of The Dungeons of Doom. On T:16 you reached level 7 of The Dungeons of Doom. On T:18 you reached level 8 of The Dungeons of Doom. On T:20 you reached level 9 of The Dungeons of Doom. On T:22 you reached level 10 of The Dungeons of Doom. On T:25 you reached level 11 of The Dungeons of Doom. On T:27 you reached level 12 of The Dungeons of Doom. Score breakdown: Gold: 0 ( 0 points) Experience: 1 level ( 0 points) Exploration: 12 levels ( 330 points) Discoveries: 0 items ( 0 points) Variety of kills: 1 monster ( 50 points) Major goal: (nothing yet) ( 0 points) Survival: died (score multiplied by 3) Total score: 1140 Latest messages: You start digging downward. You continue digging downward. You dig a pit in the floor. You continue digging downward. You dig a hole through the floor. You fall through... You start digging downward. You continue digging downward. You dig a pit in the floor. You continue digging downward. You dig a hole through the floor. You fall through... The yellow light bumps right into you! You start digging downward. You continue digging downward. You dig a pit in the floor. The yellow light explodes! You are blinded by a blast of light! You continue digging downward. You dig a hole through the floor. You fall through... Something claws you! (2x) Something bites! You start digging downward. Something claws you! You die... Final status: Aloha chuzzly the Tourist, killed by an ape... You died in The Dungeons of Doom on dungeon level 12 with 1140 points, and 625 pieces of gold, after 28 moves. You were level 1 with a maximum of 9 hit points when you died.